 Dungeon Crawl Stone Soup version 0.26.0-16-gc1dbca0489 (webtiles) character file.

Game seed: 3116292714815211730

1432 112233 the Digger (level 8, -11/121 HPs)
             Began as an Octopode Earth Elementalist on Jan 20, 2021.
             Was an Initiate of Gozag.
             Mangled by Pikel
             ... wielding a +2 whip of electrocution
              (16 damage)
             ... on level 7 of the Dungeon.
             The game lasted 00:05:51 (5441 turns).

112233 the Digger (Octopode Earth Elementalist)     Turns: 5441, Time: 00:05:51

Health: -11/121    AC: 28    Str:  8    XL:     8   Next: 73%
Magic:  3/15       EV:  2    Int: 23    God:    Gozag
Gold:   369        SH:  0    Dex: 12    Spells: 12/16 levels left

rFire    + . .     SeeInvis .   n - +5 dagger of the Valley {freeze, rF+ Int+4}
rCold    . . .     Faith    .   (no shield)
rNeg     + + +     Spirit   .   (helmet currently unavailable)
rPois    +         Reflect  .   (no amulet)
rElec    .         Harm     .   e - +4 ring of protection
rCorr    .         Rampage  .   s - ring of positive energy
Will     .....     NoTele   +   (no ring)
Stlth    ..........             (no ring)
HPRegen  0.30/turn              (no ring)
MPRegen  0.14/turn              (no ring)
                                (no ring)
                                (no ring)

@: berserking, tree-form (expiring), very quick
A: almost no armour, stealthy swim, (amphibious), 8 rings, (constrict 8)
a: Renounce Religion, Potion Petition, Call Merchant, Bribe Branch


You were on level 7 of the Dungeon.
You worshipped Gozag.
Gozag was aware of your devotion.
You were a tree.
You visited 2 branches of the dungeon, and saw 8 of its levels.

You collected 538 gold pieces.
You paid 169 gold pieces to Gozag.

Inventory:

Hand Weapons
 f - a +1 dagger of draining
 g - a +0 dagger
 h - a -1 mace
 n - the +5 dagger of the Valley (weapon) {freeze, rF+ Int+4}
   (You found it on level 5 of the Dungeon)

   It has been specially enchanted to freeze those struck by it, causing extra
   injury to most foes and up to half again as much damage against particularly
   susceptible opponents.
   It can also slow down cold-blooded creatures.
   It affects your intelligence (+4).
   It protects you from fire.
Missiles
 l - 11 javelins
 r - 95 stones
Jewellery
 e - a +4 ring of protection (left branch)
 s - a ring of positive energy (right branch)
 w - an uncursed ring of fire {unknown}
Wands
 d - a wand of flame (21)
Scrolls
 a - 7 scrolls of teleportation {@r3}
 k - 3 scrolls of fear
 m - 3 scrolls of fog
 o - 4 scrolls of remove curse {@r2}
 p - 3 scrolls of magic mapping
 v - a scroll of enchant armour
Potions
 b - 2 potions of lignification
 u - a potion of brilliance {unknown}


   Skills:
 + Level 4.1 Fighting
 + Level 5.0 Dodging
 - Level 2.6 Stealth
 + Level 4.7 Spellcasting
 - Level 1.0 Transmutations
 * Level 7.4 Earth Magic


You had 12 spell levels left.
You knew the following spells:

 Your Spells              Type           Power        Failure   Level
a - Sandblast             Erth           78%          1%          1
b - Stone Arrow           Conj/Erth      44%          6%          3

Your spell library contained the following spells:

 Spells                   Type           Power        Failure   Level
 Passwall                 Tmut/Erth      20%          2%          2
 Lee's Rapid Deconstruct  Erth           19%          13%         5
 Petrify                  Tmut/Erth      24%          17%         4


Dungeon Overview and Level Annotations

Branches:
Dungeon (7/15)             Temple (1/1) D:7

Altars:
Ashenzari
Cheibriados
Dithmenos
Gozag
Hepliaklqana
Wu Jian
Zin

Shops:
D:7 *

Annotations:
D:3 3 runed translucent doors, Crazy Yiuf; RamboRex's ghost, amateur MiBe
D:7 Pikel


Innate Abilities, Weirdness & Mutations

You cannot wear most types of armour.
You are very stealthy in the water. (Stealth+)
((You are amphibious.))
You can wear up to eight rings at the same time.
((You can use your tentacles to constrict eight enemies at once.))
((Your skin changes colour to match your surroundings (Stealth+).))
((Your rubbery body absorbs attacks. (AC +1, EV +1)))


Message History

The lemure hits you but does no damage. Pikel hits you but does no damage.
A red film seems to cover your vision as you go berserk!
You feel yourself moving faster!
You feel mighty!
The orc warrior hits you with a +0 halberd.
* * * LOW HITPOINT WARNING * * *
The lemure hits you but does no damage.
Pikel hits you with a +2 whip of electrocution.
* * * LOW HITPOINT WARNING * * *
Unknown command.
You hit Pikel. You freeze Pikel. You hit Pikel. You freeze Pikel.
The lemure barely misses you.
The orc warrior hits you but does no damage.
Pikel hits you but does no damage.
You are electrocuted!!
* * * LOW HITPOINT WARNING * * *
You hit Pikel. You freeze Pikel. The lemure hits you but does no damage.
Pikel hits you but does no damage.
You are electrocuted!
You die...
Your body crumbles into a pile of gold.

...#
###.........#.#..##
...#
#..###..........#
####
##.##.......##..#
#..........#####
##........#
#####.#.....##
.∩..........##
#####..$....#
#.♣.....# #oK5.?..#
..>.....##
#........##
#.######... #. #)..
# ...# ...


You could see Pikel, an orc warrior and a lemure.

Vanquished Creatures
  Prince Ribbit (D:5)
  Sigmund (D:2)
  Eustachio (D:5)
  2 phantoms
  3 lemures (D:7)
  A bullfrog (D:6)
  A scorpion (D:4)
  5 wights (D:7)
  2 howler monkeys
  An orc wizard (D:5)
  6 worker ants
  Terence (D:2)
  A hound zombie (D:7)
  4 adders
  A shadow imp (D:5)
  A white imp (D:7)
  An ooze (D:3)
  An adder zombie (D:5)
  2 worms
  A dart slug (D:3)
  2 leopard geckos
  9 orcs
  3 giant cockroaches
  6 goblins
  7 hobgoblins
  12 jackals
  2 quokkas
  3 ball pythons
  10 bats
  6 frilled lizards
  4 kobolds
  4 rats
105 creatures vanquished.

Vanquished Creatures (others)
  10 toadstools (D:7)
10 creatures vanquished.

Grand Total: 115 creatures vanquished

Notes
Turn   | Place    | Note
-------+----------+-------------------------------------------
     0 | D:1      | 112233 the Octopode Earth Elementalist began the quest for
                  | the Orb.
     0 | D:1      | Reached XP level 1. HP: 11/11 MP: 3/3
   289 | D:1      | Reached XP level 2. HP: 16/17 MP: 5/5
   464 | D:2      | Reached XP level 3. HP: 16/21 MP: 1/6
   672 | D:2      | Noticed Terence
   733 | D:3      | Found a runed translucent door.
  1118 | D:3      | Found a broken altar of Ashenzari.
  1174 | D:3      | Reached skill level 4 in Earth Magic
  1174 | D:3      | Reached XP level 4. HP: 15/27 MP: 7/7
  1178 | D:3      | Learned a level 3 spell: Stone Arrow
  1405 | D:5      | Entered Level 5 of the Dungeon
  1430 | D:5      | Found a shadowy altar of Dithmenos.
  1455 | D:6      | Noticed a bullfrog
  1466 | D:6      | Killed a bullfrog
  1467 | D:6      | Reached XP level 5. HP: 32/32 MP: 6/9
  1503 | D:6      | Noticed a phantom
  1516 | D:6      | Killed a phantom
  1517 | D:6      | Reached skill level 1 in Fighting
  1670 | D:6      | Reached XP level 6. HP: 38/38 MP: 5/10
  1712 | D:5      | Noticed Eustachio
  1720 | D:5      | Killed Eustachio
  1721 | D:5      | Reached skill level 5 in Earth Magic
  1955 | D:5      | Found a glowing silver altar of Zin.
  1957 | D:5      | Found an ornate altar of the Wu Jian Council.
  1991 | D:5      | Reached XP level 7. HP: 45/45 MP: 12/12
  2059 | D:5      | Got a jewelled dagger
  2060 | D:5      | Identified the +5 dagger of the Valley {freeze, rF+ Int+4}
                  | (You found it on level 5 of the Dungeon)
  2169 | D:5      | Noticed Prince Ribbit
  2523 | D:5      | Killed Prince Ribbit
  2524 | D:5      | Reached skill level 6 in Earth Magic
  2814 | D:4      | Found a snail-covered altar of Cheibriados.
  3107 | D:4      | Reached XP level 8. HP: 43/52 MP: 0/14
  3565 | D:3      | Noticed RamboRex's ghost (amateur MiBe)
  3587 | D:3      | Found a runed translucent door.
  3742 | D:3      | Found a runed translucent door.
  3743 | D:3      | Noticed Crazy Yiuf
  3902 | D:2      | Killed Terence
  3995 | D:2      | Noticed Sigmund
  4001 | D:2      | Killed Sigmund
  4746 | D:7      | Found a staircase to the Ecumenical Temple.
  4757 | Temple   | Entered the Ecumenical Temple
  4822 | Temple   | Became a worshipper of Gozag Ym Sagoz the Greedy
  4973 | D:7      | Reached skill level 7 in Earth Magic
  5263 | D:7      | Noticed Pikel
  5297 | D:7      | Reached skill level 5 in Dodging
  5412 | D:7      | Found Danurghuluo's Mass Market.
  5440 | D:7      | HP: 5/121 [Pikel/+2 whip of electrocution (18)]
  5441 | D:7      | Mangled by Pikel

Illustrated notes

Levels and vault maps discovered:
D:1:      dpeg_arrival_line_fractal, layout_basic
D:2:      layout_rooms, uniq_terence, uniq_sigmund
D:3:      layout_basic, ebering_ghost_sewer_f, cheibrodos_ashenzari_chains,
          uniq_crazy_yiuf_cottage
D:4:      layout_cave_pools, cheibriados_altar_1, cheibrodos_sewer_entry_sluice
D:5:      layout_rooms, minitemple, kennysheep_small_spiral,
          nicolae_dithmenos_through_a_glass_darkly, uniq_eustachio,
          uniq_prince_ribbit1
D:6:      layout_loops_ring, serial_shops, nicolae_shop_crystal,
          kennysheep_doodads
D:7:      cheibrodos_fertilizer, layout_rooms, nicolae_overflow_crystal_walls,
          minmay_temple_entry_statues_fountains, enter_bailey_2,
          hangedman_abyss_or_decor_stabs, chequers_serial_rivers_room_b,
          minmay_shop_mass, uniq_pikel
Temple:   regret_index_temple_generic_petals

Skill      XL: |  1  2  3  4  5  6  7  8 |
---------------+-------------------------+-----
Earth Magic    | 4 5 6 7 |  7.4
Fighting       | 1 2 3 4 |  4.1
Dodging        | 3 4 5 |  5.0
Spellcasting   | 3 4 |  4.7
Stealth        | |  2.6
Transmutations | |  1.0

Action                   |  1- 3 |  4- 6 |  7- 9 || total
-------------------------+-------+-------+-------++-------
Melee: Unarmed           |    13 |       |       ||    13
       Constrict         |    17 |     8 |    11 ||    36
       Tentacles         |    11 |     5 |    10 ||    26
       Dagger            |    50 |    34 |    67 ||   151
 Cast: Sandblast         |    30 |    20 |    25 ||    75
       Stone Arrow       |       |     3 |    41 ||    44
Evoke: Wand              |       |     5 |     1 ||     6
  Use: Scroll            |     3 |       |     6 ||     9
       Potion            |     1 |       |     6 ||     7
 Stab: Sleeping          |     2 |     2 |     3 ||     7
Armor: Skin              |    28 |     6 |    33 ||    67
Dodge: Dodged            |    95 |    40 |    49 ||   184
